 Dungeon Crawl Stone Soup version 0.24-a0-189-g5d897e9 (webtiles) character file.

Game seed: 2907463891655348787

42962 Lanoc the Fencer (level 13, -4/122 HPs)
             Began as a Green Draconian Berserker on Mar 17, 2019.
             Was an Elder of Trog.
             Slain by a red devil
             ... wielding a +2 demon trident of electrocution
             ... summoned by Frances
              (12 damage)
             ... on level 14 of the Dungeon.
             The game lasted 00:52:02 (19209 turns).

Lanoc the Fencer (Green Draconian Berserker)       Turns: 19209, Time: 00:52:03

Health: -4/122     AC: 19    Str: 32    XL:     13   Next: 88%
Magic:  0/14       EV: 19    Int:  8    God:    Trog [****..]
Gold:   1506       SH:  3    Dex: 14    Spells: 12/12 levels left

rFire    . . .     SeeInvis +   h - +9 flail of the Vine {protect, rC+ SInv}
rCold    + . .     Gourm    .   i - +0 buckler {AC+3}
rNeg     + . .     Faith    .   (armour unavailable)
rPois    +         Spirit   +   c - +2 hat of the Bear Spirit {Spirit, +Rage rN+ MR++}
rElec    .         Reflect  .   g - +2 cloak
rCorr    +         Harm     .   e - +0 pair of gloves {Str+3}
MR       +++..                  f - +1 pair of boots of Hysteria {Str+5}
Stlth    ++........             q - amulet of Issu {Spirit MR+ Stlth+}
HPRegen  0.30/turn              G - ring of resist corrosion
MPRegen  0.14/turn              E - +3 ring of strength

@: berserk cooldown, slowed, very slow
A: breathe noxious fumes, unfitting armour, poison resistance, cold-blooded, AC
+8
a: Breathe Noxious Fumes, Berserk, Trog's Hand, Brothers in Arms, Renounce
Religion, Evoke Berserk Rage


You were on level 14 of the Dungeon.
You worshipped Trog.
Trog was greatly pleased with you.
You were hungry.

You visited 3 branches of the dungeon, and saw 17 of its levels.
You also visited: Trove and Ossuary.

You collected 1855 gold pieces.
You spent 349 gold pieces at shops.

Inventory:

Hand Weapons
 h - the +9 flail of the Vine (weapon) {protect, rC+ SInv}
   (You found it on level 5 of the Dungeon)

   It protects the one who uses it against injury (+AC on strike).
   It protects you from cold.
   It lets you see invisible.
 r - a +4 scimitar of chaos
 A - a +2 antimagic great sword
 B - a +0 scimitar of flaming
Armour
 c - the +2 hat of the Bear Spirit (worn) {Spirit, +Rage rN+ MR++}
   (You found it in a treasure trove)

   It protects you from negative energy.
   It affects your resistance to hostile enchantments.
   It lets you go berserk.
 e - a +0 pair of gloves of strength (worn)
 f - the +1 pair of boots of Hysteria (worn) {Str+5}
   (You bought it in a shop on level 2 of the Orcish Mines)

   It affects your strength (+5).
 g - a +2 cloak (worn)
 i - a +0 buckler of protection (worn)
Jewellery
 n - an uncursed amulet of the acrobat {unknown}
 o - an uncursed amulet of rage {unknown}
 p - a +3 amulet of reflection {unknown}
 q - the amulet of Issu (around neck) {Spirit MR+ Stlth+}
   (You found it in a treasure trove)

   [amulet of guardian spirit]

   It causes incoming damage to be split between your health and magic.
   It affects your resistance to hostile enchantments.
   It makes you more stealthy.
 s - an uncursed ring of positive energy
 E - a +3 ring of strength (right hand)
 G - a ring of resist corrosion (left hand)
Wands
 a - a wand of scattershot (4)
 t - a wand of digging (3)
 x - a wand of disintegration (27)
 y - a wand of enslavement (36)
 C - a wand of iceblast (10)
 D - a wand of paralysis (21)
 F - a wand of polymorph (12)
 H - a wand of random effects (38)
Scrolls
 d - a scroll of fog
 u - 2 scrolls of teleportation
 v - a scroll of magic mapping
 w - 3 scrolls of enchant weapon
 L - 10 scrolls of remove curse
Potions
 j - a potion of might
 k - a potion of brilliance
 l - 3 potions of magic
 m - a potion of resistance
 z - a potion of berserk rage
 K - a potion of cancellation
 M - a potion of flight
 N - a potion of agility
 O - 3 potions of ambrosia
 P - 6 potions of curing
 Q - a potion of heal wounds
 R - a potion of lignification
 S - a potion of mutation
Comestibles
 b - 19 rations
 J - 3 chunks of flesh


   Skills:
 + Level 13.3 Fighting
 * Level 16.4 Long Blades
 + Level 11.4 Dodging
 + Level 2.3 Evocations


You had 12 spell levels left.
You didn't know any spells.
Your spell library contained the following spells:

 Spells                   Type           Power        Failure   Level  Hunger
 Summon Butterflies       Summ           #.......     58%         1    ##.....
 Call Canine Familiar     Summ           #.......     91%         3    ####...
 Summon Ice Beast         Ice/Summ       #.......     100%        4    #####..
 Summon Mana Viper        Hex/Summ       #.......     100%        5    ######.
 Summon Hydra             Summ           #.........   100%        7    #######


Dungeon Overview and Level Annotations

Branches:
Dungeon (14/15)            Temple (1/1) D:5            Lair (0/6) D:11
    Orc (2/2) D:9             Elf (0/3) Orc:2        Vaults (0/5) D:13

Altars:
Cheibriados
Dithmenos
Elyvilon
Gozag
Kikubaaqudgha
Makhleb
Nemelex Xobeh
Okawaru
Ru
Trog
Vehumet
Wu Jian
Xom
The Shining One
Beogh

Shops:
D:11 [   Orc:2 (:[*

Annotations:
D:14 1 runed translucent door, Frances


Innate Abilities, Weirdness & Mutations

You can breathe blasts of noxious fumes.
Your lurid green scales are hard. (AC +8)
You cannot fit into any form of body armour.
Your system is resistant to poisons. (rPois)
You are cold-blooded and may be slowed by cold attacks.


Message History

The sixfirhy is unaffected.
The wizard looks frightened!
Frances mutters in a terrible tongue.
Frances screams a word of power!
The iron shot hits you!!
* * * LOW HITPOINT WARNING * * *
Okay, then.
Unknown command.
You feel much better. The sixfirhy misses you. The sixfirhy barely misses you.
The sixfirhy hits you but does no damage.
The sixfirhy completely misses you. The sixfirhy hits you!
* * * LOW HITPOINT WARNING * * *
The sixfirhy shocks you!
* * * LOW HITPOINT WARNING * * *
Frances completely misses you. The sixfirhy hits you!
* * * LOW HITPOINT WARNING * * *
The sixfirhy shocks you!
* * * LOW HITPOINT WARNING * * *
The chaos spawn completely misses you.
The red devil hits you but does no damage.
You are electrocuted!
You die...

#......# #.. #......#
#.. . #...(..# #..
..##+######.((...#####..
............####........
..........(.# #........
........)...# #........
#......4...# #........
######@##########....##
......3@.....#...#....#
.##....4.....#...#....#
#....###.p###..#....##
##### #####..##.....
#....'..... #....#.....
#....#.....
#########'#.....


You could see Frances, a wizard (fleeing), a sixfirhy, a chaos spawn and a red
devil.

Vanquished Creatures
  A tengu reaver (D:12)
  2 orc warlords (Orc:1)
  A yaktaur captain (D:12)
  8 vault guards (D:13)
  Fannar (D:11)
  Erica (D:9)
  5 centaur warriors
  A two-headed ogre (D:12)
  4 orc high priests (Orc:1)
  3 unseen horrors
  Pikel (D:9)
  5 orc knights (Orc:1)
  2 orc sorcerers (Orc:1)
  2 ugly things (D:11)
  2 manticores (D:12)
  3 cyclopes
  Joseph (D:7)
  A komodo dragon (D:11)
  6 trolls
  A meliai (D:12)
  2 slime creatures
  A hippogriff (D:9)
  Grinder (D:3)
  A dream sheep (shapeshifter) (D:12)
  A spriggan (D:10)
  3 shadows
  A vampire (D:13)
  26 yaks
  5 wraiths
  3 wyverns
  A basilisk (D:12)
  3 hungry ghosts
  5 wargs
  A water moccasin (D:13)
  Duvessa (D:7)
  26 orc warriors
  3 phantoms
  An eye of draining (D:12)
  2 black bears
  2 ice beasts
  15 centaurs
  12 ogres
  2 elf zombies (Ossuary)
  6 bullfrogs
  Dowan (D:7)
  7 scorpions
  2 troll zombies (D:9)
  4 killer bees (D:11)
  2 electric eels (D:6)
  9 howler monkeys
  2 centaur zombies
  5 crimson imps
  A quasit (D:13)
  Crazy Yiuf (D:3)
  3 hounds
  6 centaur skeletons
  15 orc priests
  3 bullfrog skeletons
  6 jellies
  21 orc wizards
  2 human zombies (Ossuary)
  An iguana (D:8)
  Ijyb (D:4)
  7 worker ants
  4 ogre zombies (D:9)
  A hound zombie (Ossuary)
  4 mummies (Ossuary)
  2 howler monkey zombies (D:6)
  A gnoll (D:1)
  11 adders
  6 shadow imps
  An adder zombie (D:6)
  An adder skeleton (D:5)
  3 dart slugs
  4 leopard geckos
  81 orcs
  A giant cockroach (D:6)
  3 goblins
  6 hobgoblins
  7 jackals
  5 kobolds
  9 quokkas
  A ball python (D:2)
  5 bats
  7 frilled lizards
  A gnoll zombie (Ossuary)
  A goblin skeleton (D:9)
  6 goblin zombies
  A hobgoblin zombie (D:9)
  A jackal skeleton (D:7)
  A kobold zombie (Ossuary)
  A leopard gecko zombie (D:5)
  2 orc skeletons (D:9)
  10 orc zombies (D:9)
  A quokka zombie (D:5)
  4 rats
  4 rat zombies (Ossuary)
470 creatures vanquished.

Vanquished Creatures (collateral kills)
  3 yaks (D:9)
3 creatures vanquished.

Vanquished Creatures (others)
  Sonja (Orc:2)
  An orc warrior (Orc:2)
  39 plants (D:11)
41 creatures vanquished.

Grand Total: 514 creatures vanquished

Notes
Turn   | Place    | Note
-------+----------+-------------------------------------------
     0 | D:1      | Lanoc the Draconian Berserker began the quest for the Orb.
     0 | D:1      | Reached XP level 1. HP: 19/19 MP: 1/1
    74 | D:1      | Reached XP level 2. HP: 26/26 MP: 2/2
   128 | D:2      | Found a snail-covered altar of Cheibriados.
   262 | D:2      | Reached XP level 3. HP: 33/33 MP: 3/3
   276 | D:2      | Reached ** piety under Trog
   381 | D:3      | Noticed Grinder
   387 | D:3      | Killed Grinder
   387 | D:3      | Reached skill level 5 in Long Blades
   387 | D:3      | Reached XP level 4. HP: 41/41 MP: 4/4
   387 | D:3      | Reached XP level 5. HP: 47/47 MP: 5/5
   565 | D:3      | Found an ornate altar of the Wu Jian Council.
   727 | D:3      | Found a runed translucent door.
   728 | D:3      | Noticed Crazy Yiuf
  1024 | D:3      | Killed Crazy Yiuf
  1024 | D:3      | Reached XP level 6. HP: 53/53 MP: 6/6
  1139 | D:4      | Found a white marble altar of Elyvilon.
  1223 | D:4      | Found a bloodstained altar of Trog.
  1386 | D:4      | Found a sparkling altar of Nemelex Xobeh.
  1388 | D:4      | Found an ancient bone altar of Kikubaaqudgha.
  1389 | D:4      | Found an opulent altar of Gozag.
  1514 | D:4      | Found a radiant altar of Vehumet.
  1600 | D:4      | Reached skill level 5 in Fighting
  1631 | D:4      | Noticed Ijyb
  1647 | D:4      | Killed Ijyb
  1703 | D:4      | Reached *** piety under Trog
  2052 | D:5      | Entered Level 5 of the Dungeon
  2056 | D:5      | Reached skill level 6 in Long Blades
  2056 | D:5      | Your scales start taking on a lurid green colour.
  2056 | D:5      | Reached XP level 7. HP: 52/61 MP: 7/7
  2056 | D:5      | Gained mutation: Your system is resistant to poisons.
                  | (rPois) [Green Draconian growth]
  2152 | D:5      | Got an ichor-stained flail
  2153 | D:5      | Identified the +9 flail of the Vine {protect, rC+ SInv}
                  | (You found it on level 5 of the Dungeon)
  2317 | D:5      | Found a sand-covered staircase.
  2394 | D:5      | Reached skill level 7 in Long Blades
  2494 | Ossuary  | Entered an ossuary
  2512 | Ossuary  | Reached skill level 5 in Dodging
  2512 | Ossuary  | Reached XP level 8. HP: 70/70 MP: 8/8
  2876 | D:5      | Reached **** piety under Trog
  3122 | D:5      | Found a staircase to the Ecumenical Temple.
  3146 | D:5      | Reached skill level 8 in Long Blades
  3149 | Temple   | Entered the Ecumenical Temple
  3591 | D:6      | Noticed an unseen horror
  3629 | D:6      | Killed an unseen horror
  3629 | D:6      | Reached skill level 9 in Long Blades
  3629 | D:6      | Reached XP level 9. HP: 52/79 MP: 9/9
  3956 | D:6      | Found a sacrificial altar of Ru.
  4253 | D:6      | Found a shadowy altar of Dithmenos.
  4423 | D:7      | Noticed Joseph
  4429 | D:7      | Noticed Duvessa
  4431 | D:7      | Noticed Dowan
  4437 | D:7      | Killed Joseph
  4796 | D:7      | Killed Duvessa
  4800 | D:7      | Killed Dowan
  4814 | D:7      | Reached skill level 10 in Long Blades
  4817 | D:7      | Noticed a red ugly thing
  5378 | D:7      | Found a shimmering altar of Xom.
  6451 | D:9      | Found an iron altar of Okawaru.
  6505 | D:9      | Reached XP level 10. HP: 79/90 MP: 10/10
  6698 | D:9      | Noticed Erica
  6711 | D:9      | Killed Erica
  6711 | D:9      | Reached skill level 11 in Long Blades
  6861 | D:9      | Found a burning altar of Makhleb.
  6901 | D:9      | Reached ***** piety under Trog
  7484 | D:9      | Received a gift from Trog
  7499 | D:9      | Found a staircase to the Orcish Mines.
  7804 | D:9      | Noticed Pikel
  7812 | D:9      | Killed Pikel
  7812 | D:9      | Reached skill level 12 in Long Blades
  7954 | D:10     | Entered Level 10 of the Dungeon
  8002 | D:10     | Reached XP level 11. HP: 96/99 MP: 11/11
  8171 | D:10     | Reached skill level 10 in Fighting
  8653 | D:11     | Found Jur Secs's Antique Armour Boutique.
  8693 | D:11     | Noticed a purple ugly thing
  9018 | D:11     | Killed a purple ugly thing
  9060 | D:11     | Noticed Fannar
  9092 | D:11     | Killed Fannar
  9419 | D:11     | Noticed a cyan ugly thing
  9430 | D:11     | Killed a cyan ugly thing
  9530 | D:11     | Found a staircase to the Lair.
  9598 | D:11     | Found a portal to a secret trove of treasure.
  9609 | D:11     | Reached skill level 13 in Long Blades
  9635 | Trove    | Entered a treasure trove
  9647 | Trove    | Found the +2 hat of the Bear Spirit {Spirit, +Rage rN+
                  | MR++}
  9682 | Trove    | Got a steaming steel amulet
  9735 | D:11     | Identified the amulet of Issu {Spirit MR+ Stlth+} (You
                  | found it in a treasure trove)
 10061 | D:11     | Noticed a skeletal warrior
 10061 | D:11     | Noticed a skeletal warrior
 10061 | D:11     | Noticed a skeletal warrior
 10062 | D:11     | Noticed a skeletal warrior
 10145 | Orc:1    | Entered Level 1 of the Orcish Mines
 10897 | Orc:2    | Entered Level 2 of the Orcish Mines
 10897 | Orc:2    | Found a roughly hewn altar of Beogh.
 10903 | Orc:2    | Noticed an orc warlord
 11052 | Orc:1    | Reached * piety under Trog
 11409 | Orc:2    | Noticed Sonja
 11475 | Orc:2    | Noticed an orc high priest
 11480 | Orc:2    | Found Kaotouq's General Store.
 11481 | Orc:2    | Noticed an orc sorcerer
 11481 | Orc:2    | Noticed an orc high priest
 11481 | Orc:2    | Noticed an orc sorcerer
 11481 | Orc:2    | Noticed an orc knight
 11483 | Orc:2    | Noticed an orc knight
 11484 | Orc:2    | Found Gepeti's Book Boutique.
 11484 | Orc:2    | Noticed an orc warlord
 11484 | Orc:2    | Noticed an orc knight
 11485 | Orc:2    | Noticed an orc knight
 11495 | Orc:2    | Noticed an orc knight
 11501 | Orc:1    | Found a roughly hewn altar of Beogh.
 11945 | Orc:1    | Killed an orc knight
 12277 | Orc:1    | Killed an orc warlord
 12277 | Orc:1    | Reached XP level 12. HP: 51/110 MP: 5/12
 12632 | Orc:1    | Reached skill level 14 in Long Blades
 13382 | Orc:1    | Killed an orc high priest
 13518 | Orc:2    | Your ally died
 13604 | Orc:1    | Reached skill level 10 in Dodging
 14033 | Orc:2    | Noticed an orc high priest
 14096 | Orc:2    | Noticed an orc high priest
 14342 | Orc:1    | Killed an orc high priest
 14622 | Orc:1    | Killed an orc high priest
 14715 | Orc:1    | Killed an orc high priest
 14728 | Orc:1    | Killed an orc warlord
 14880 | Orc:2    | Bought a scroll of teleportation for 45 gold pieces
 14939 | Orc:2    | Found a staircase to the Elven Halls.
 15117 | Orc:2    | Found Kimekus's Antique Armour Boutique.
 15153 | Orc:2    | Found Zyukhax's Antique Weapon Emporium.
 15373 | Orc:2    | Bought a pair of warped boots for 304 gold pieces
 15383 | Orc:2    | Identified the +1 pair of boots of Hysteria {Str+5} (You
                  | bought it in a shop on level 2 of the Orcish Mines)
 15511 | D:12     | Reached skill level 15 in Long Blades
 16218 | D:12     | Noticed a centaur warrior
 16227 | D:12     | Killed a centaur warrior
 16227 | D:12     | Reached XP level 13. HP: 107/119 MP: 11/13
 16819 | D:12     | Noticed a tengu reaver
 16832 | D:12     | Killed a tengu reaver
 17451 | D:13     | Found a gate to the Vaults.
 17503 | D:13     | Reached skill level 16 in Long Blades
 18219 | D:13     | Reached skill level 1 in Evocations
 18733 | D:14     | Found a runed translucent door.
 18736 | D:14     | Noticed a fire dragon
 18739 | D:14     | Noticed a fire dragon
 19182 | D:14     | Noticed Frances
 19209 | D:14     | Slain by a red devil

Levels and vault maps discovered:
D:1:      saegor_arrival_simple_c, layout_loops_ring, xom_teletrap_fun
D:2:      layout_basic, kennysheep_slug_shrine, serial_forest,
          infiniplex_forest_lined_room_3, infiniplex_forest_straight_2,
          infiniplex_forest_lined_corner, infiniplex_forest_clump_C,
          infiniplex_forest_corner_1, infiniplex_forest_clump_small,
          infiniplex_forest_clump_curved, infiniplex_forest_clump_small,
          infiniplex_forest_lined_room_2, infiniplex_forest_end_3
D:3:      layout_basic, nicolae_overflow_crystal_walls, uniq_grinder,
          uniq_crazy_yiuf_cottage
D:4:      layout_loops_corners, lemuel_round_altar,
          chequers_temple_overflow_statue_of_worship, marbit_many_paths,
          first_ration, bloody_trog, uniq_ijyb
D:5:      minmay_spotlight, layout_loops_ring, minmay_temple_entry_junction,
          nicolae_ossuary_entry_false_entrances
D:6:      layout_loops_corners, lemuel_round_altar, nicolae_ru_awakened_eye,
          kennysheep_crisscross
D:7:      layout_cave_pools, kennysheep_mini, minmay_diced_spiral, uniq_joseph,
          uniq_duvessa
D:8:      layout_basic
D:9:      layout_cave_pods, lightli_temple_of_fire, zombieorc1_lemuel,
          basic_altar, serial_glass, glass_columns_c, glass_columns_b,
          minmay_strange_pillars, due_unseen_surprise, uniq_pikel, uniq_erica
D:10:     layout_roguey, the_bakery
D:11:     layout_loops_ring, david_lair_shrubbed, serial_shops, shop,
          enter_trove_2, uniq_fannar
D:12:     minmay_two_paths, layout_gridville
D:13:     wander_river, layout_stronghold, erik_vaults_2
D:14:     layout_gridville, minmay_guarded_unrand_resistance, uniq_frances
Temple:   minmay_temple_curvy_loop
Orc:1:    layout_caves, basic_altar
Orc:2:    grunt_orc_gardens, layout_caves, grunt_orc_garden, grunt_orc_garden,
          grunt_orc_garden, grunt_orc_garden, mines2_david, uniq_sonja
Trove:    trove_garden
Ossuary:  ossuary_minmay_tomb_2a

Skill      XL: |  1  2  3  4  5  6  7  8  9 10 11 12 13 |
---------------+----------------------------------------+-----
Dodging        | 3 4 5 6 7 8 9 10 11 | 11.4
Fighting       | 4 5 6 7 8 9 11 12 13 | 13.3
Long Blades    | 5 6 7 9 10 12 13 15 16 | 16.4
Evocations     | 2 |  2.3

Action                   |  1- 3 |  4- 6 |  7- 9 | 10-12 | 13-15 || total
-------------------------+-------+-------+-------+-------+-------++-------
Melee: Falchion          |    53 |   116 |    39 |       |       ||   208
       Tailslap          |     4 |    32 |    47 |   148 |    69 ||   300
       Flail             |       |       |   267 |   772 |   268 ||  1307
Invok: Berserk           |     3 |     2 |     7 |    17 |     8 ||    37
       Trog's Hand       |       |       |       |     1 |       ||     1
 Abil: Breathe Noxious F |       |       |     3 |    49 |    16 ||    68
Evoke: Wand              |       |       |       |    13 |     3 ||    16
  Use: Scroll            |       |       |    23 |    13 |     3 ||    39
       Potion            |       |       |     2 |     2 |     2 ||     6
 Stab: Sleeping          |     1 |       |     1 |     4 |     2 ||     8
       Confused          |       |       |     1 |    17 |     7 ||    25
  Eat: Chunk             |       |     5 |    15 |    52 |    16 ||    88
       Ration            |       |     1 |     2 |     4 |     1 ||     8
Armor: Skin              |    18 |    32 |   192 |   336 |   163 ||   741
Dodge: Dodged            |    33 |    72 |   348 |   904 |   395 ||  1752
Block: Buckler           |       |       |       |   107 |    63 ||   170
       Rpst.: Falchion   |     9 |    37 |     8 |       |       ||    54

Table legend:
 A = Non-vault XP
 B = Vault XP
 C = Vault XP percentage of total XP
 D = Non-vault monster count
 E = Vault monster count
 F = Vault count percentage of total count
                 A         B        C        D         E       F
            +---------+---------+-------+---------+---------+-------
      Total |   32401 |   28974 |  47.2 |     358 |     116 |  24.5
            +---------+---------+-------+---------+---------+-------
        D:1 |      25 |       0 |   0.0 |       8 |       0 |   0.0
        D:2 |      31 |       4 |  11.4 |      13 |       1 |   7.1
        D:3 |      35 |     309 |  89.8 |      18 |       2 |  10.0
        D:4 |     221 |      75 |  25.3 |      15 |       2 |  11.8
        D:5 |     673 |     248 |  26.9 |      25 |       5 |  16.7
        D:6 |    1439 |       0 |   0.0 |      25 |       0 |   0.0
        D:7 |     316 |     805 |  71.8 |       9 |       4 |  30.8
        D:8 |     330 |       0 |   0.0 |      10 |       0 |   0.0
        D:9 |    3773 |    2331 |  38.2 |      38 |      31 |  44.9
       D:10 |    1646 |     229 |  12.2 |      23 |       1 |   4.2
       D:11 |    4036 |    1087 |  21.2 |      29 |       2 |   6.5
       D:12 |    4821 |    7003 |  59.2 |      38 |      14 |  26.9
       D:13 |    7551 |    5939 |  44.0 |      34 |       8 |  19.0
       D:14 |    2231 |       0 |   0.0 |       6 |       0 |   0.0
      Orc:1 |    4836 |    9913 |  67.2 |      55 |      25 |  31.2
      Orc:2 |     437 |     655 |  60.0 |      12 |       5 |  29.4
    Ossuary |       0 |     376 | 100.0 |       0 |      16 | 100.0
            +---------+---------+-------+---------+---------+-------
